 Dungeon Crawl Stone Soup version 0.30-a0-808-g6e0788376e (webtiles) character file.

Game seed: 6616038432623037612

13519 NinjaNoafa the Impaler (level 12, -6/90 HPs)
             Began as a Hill Orc Monk on Feb 26, 2023.
             Was an Elder of Hepliaklqana.
             Mangled by a cane toad (13 damage)
             ... on level 3 of the Lair of Beasts.
             The game lasted 00:55:58 (8492 turns).

NinjaNoafa the Impaler (Hill Orc Monk)              Turns: 8492, Time: 00:55:58

Health: -6/90      AC: 19    Str: 19    XL:     12   Next: 6%
Magic:  19/19      EV:  6    Int: 10    God:    Hepliaklqana [****..]
Gold:   355        SH:  0    Dex: 13    Spells: 11/11 levels left

rFire   . . .      SeeInvis .    a - +0 glaive
rCold   . . .      Faith    +    (shield currently unavailable)
rNeg    . . .      Spirit   .    J - +0 plate armour
rPois   .          Reflect  .    n - +2 helmet
rElec   .          Harm     .    z - +2 cloak
rCorr   .          Rampage  .    (no gloves)
Will    .....                    (no boots) Stlth
                                 D - amulet of faith
HPRegen 0.35/turn                (no ring)
MPRegen 0.16/turn                (no ring)

@: about to teleport
A: reduced essence
a: Renounce Religion, Recall Ancestor, Ancestor Identity, Transference, Idealise


You were on level 3 of the Lair of Beasts.
You worshipped Hepliaklqana.
Hepliaklqana was greatly pleased with you.
You visited 3 branches of the dungeon, and saw 13 of its levels.

You collected 467 gold pieces.
You spent 112 gold pieces at shops.

Inventory:

Hand Weapons
 a - a +0 glaive (weapon)
 b - a +1 trident of venom
Missiles
 q - 25 poisoned darts (quivered)
 r - 6 datura-tipped darts
 x - a boomerang
Armour
 n - a +2 helmet (worn)
 z - a +2 cloak (worn)
 J - a +0 plate armour (worn)
Jewellery
 e - a ring of ice
 D - an amulet of faith (around neck)
 G - a ring of fire
Wands
 t - a wand of flame (13)
 y - a wand of roots (19)
 E - a wand of light (4)
 I - a wand of mindburst (15)
Scrolls
 d - 6 scrolls of vulnerability
 f - 3 scrolls of poison
 g - 3 scrolls of noise
 l - 4 scrolls of magic mapping
 m - 7 scrolls of teleportation
 o - a scroll of immolation {unknown}
 B - a scroll of fog {unknown}
 F - 2 scrolls of amnesia {unknown}
Potions
 h - 4 potions of heal wounds
 j - a potion of degeneration
 k - 4 potions of ambrosia
 p - 4 potions of curing
 s - a potion of haste
 u - a potion of attraction
 v - a potion of flight
 w - a potion of brilliance {unknown}
 A - a potion of berserk rage
 C - a potion of lignification {unknown}
 H - a potion of invisibility {unknown}
Miscellaneous
 K - a condenser vane


   Skills:
 + Level 8.1 Fighting
 + Level 15.0 Polearms
 + Level 6.6 Armour
 - Level 2.4 Dodging
 - Level 1.5 Stealth
 - Level 3.0 Shields
 + Level 10.1 Invocations
 - Level 6.0 Evocations


You had 11 spell levels left.
You didn't know any spells.
Your spell library contained the following spells:

 Spells                   Type           Power      Damage    Failure   Level
 Beastly Appendage        Tmut           0%         N/A       100%        1
 Magic Dart               Conj           0%         1d3       100%        1
 Sting                    Tmut/Pois      0%         1d3       100%        1
 Blink                    Tloc           0%         N/A       100%        2
 Call Imp                 Summ           0%         N/A       100%        2
 Lesser Beckoning         Tloc           0%         N/A       100%        2
 Momentum Strike          Conj/Tloc      0%         3d8       100%        2
 Poisonous Vapours        Pois/Air       0%         N/A       100%        2
 Wereblood                Tmut           0%         N/A       100%        2
 Mephitic Cloud           Conj/Pois/Air  0%         N/A       100%        3
 Spider Form              Tmut/Pois      0%         N/A       100%        3
 Manifold Assault         Tloc           0%         N/A       100%        4
 Olgreb's Toxic Radiance  Pois           0%         N/A       100%        4
 Summon Ice Beast         Ice/Summ       0%         N/A       100%        4
 Dispersal                Tloc           0%         N/A       100%        6
 Storm Form               Tmut/Air       0%         N/A       100%        7


Dungeon Overview and Level Annotations

Branches:
Dungeon (9/15)             Temple (1/1) D:5            Lair (3/5) D:9
  Snake (0/4) Lair:2
  Swamp: Lair:2-3    Shoals: Lair:2-3       Orc: D:9-12

Altars:
Ashenzari
Cheibriados
Dithmenos
Elyvilon
Fedhas
Gozag
Hepliaklqana
Kikubaaqudgha
Makhleb
Okawaru
Qazlal
Ru
Trog
Uskayaw
Vehumet
Wu Jian
Xom
Zin
The Shining One

Shops:
D:3 (?   D:4 (([=


Message History

The yak is moderately wounded.
The yak gores you but does no damage.
As you read the scroll of summoning, it crumbles to dust.
Wisps of shadow whirl around you... The yak gores you but does no damage.
You slice the yak!!
The yak is severely wounded.
Your wolf closely misses the cane toad.
The yak gores you!
* * * LOW HITPOINT WARNING * * *
You hit the yak.
The yak is almost dead.
Your wolf bites the cane toad.
Your wolf closely misses the yak.
The yak barely misses you.
Your wolf bites the yak!
Your wolf closely misses the cane toad.
Your wolf bites the cane toad!
You completely miss the yak.
The yak is almost dead.
Your wolf closely misses the cane toad.
Your wolf bites the cane toad.
Your wolf bites the yak!
The yak gores you but does no damage.
You hit the yak.
The yak is almost dead.
Your wolf bites the cane toad.
Your wolf barely misses the yak.
Your wolf barely misses the cane toad.
Your wolf closely misses the cane toad.
Your wolf barely misses the yak.
The yak gores your wolf! The yak gores you.
* * * LOW HITPOINT WARNING * * *
Your wolf closely misses the cane toad.
You slash the yak!
You kill the yak!
Your wolf bites the yak.
Your wolf closely misses the yak.
Your wolf bites the cane toad.
The yak completely misses your wolf.
You closely miss the cane toad.
The cane toad is heavily wounded.
Your wolf bites the yak but does no damage.
Your wolf misses the yak.
Your wolf bites the cane toad!
The cane toad stings you!
* * * LOW HITPOINT WARNING * * *
Your wolf bites the yak.
Your wolf closely misses the yak.
Your wolf closely misses the cane toad.
The yak completely misses your wolf.
As you read the scroll of teleportation, it crumbles to dust.
You feel strangely unstable.
Your wolf bites the yak. x2
Your wolf bites the cane toad!
The cane toad stings you!
You die...

......P.#
##..##.........
#.......#
#...##.....#.Y
........#
#...###P...# .
.......##
##..####..Y#.....
##.....#
##.....##.Y## .###
###....##....h..YF##
. #..........hY.Y..#
.#P.hYF##......
##...#@###....#
##..### ....# ##.
..... #. .... .# ...
. .


You could see 2 yaks, a cane toad (ally target) and 3 friendly wolves.

Vanquished Creatures
  A hydra (Lair:3)
  A two-headed ogre (Lair:1)
  The ghost of retardedninja the Fighter, a novice DsGl of Dithmenos (D:9)
  Pikel (D:7)
  Joseph (D:7)
  A black mamba (Lair:2)
  An elephant (Lair:3)
  A rime drake (Lair:3)
  A cane toad (Lair:2)
  2 komodo dragons (Lair:1)
  A tarantella (shapeshifter) (D:9)
  Sigmund (D:6)
  2 yaks
  An acid dragon (D:9)
  3 water moccasins
  3 ice beasts
  An orc warrior (Lair:1)
  2 black bears (D:6)
  2 ogres
  14 wolves
  A centaur (D:6)
  2 phantoms
  A kobold brigand (D:8)
  5 bullfrogs
  A necrophage (D:6)
  2 gnoll sergeants
  A scorpion (D:5)
  10 wights
  4 killer bees
  A howler monkey (D:5)
  2 electric eels (Lair:1)
  3 crimson imps (D:3)
  2 hounds
  A gnoll bouda (D:7)
  2 jellies (D:5)
  An iguana (D:3)
  8 orc wizards
  4 hell rats (Lair:2)
  6 gnolls
  4 adders
  2 white imps
  An ufetubus (D:5)
  A worm (D:2)
  2 dart slugs
  21 orcs
  7 bats
  8 endoplasms
  4 giant cockroaches
  4 goblins
  7 hobgoblins
  A jackal (D:3)
  11 kobolds
  6 quokkas
  7 ball pythons
  5 frilled lizards
  10 rats
199 creatures vanquished.

Vanquished Creatures (collateral kills)
  A rime drake (D:9)
  5 cane toads
  A komodo dragon (Lair:2)
  A vampire (D:9)
  A basilisk (Lair:1)
  Grum (Lair:1)
  A water moccasin (Lair:2)
  5 wolves (Lair:1)
  A centaur (D:8)
  A lemure (D:7)
  A kobold brigand (D:8)
  4 bullfrogs
  A scorpion (D:7)
  9 wights
  A jelly (D:7)
  A hound (D:7)
  An orc wizard (D:9)
  A hell rat (Lair:2)
  3 gnolls
  7 orcs
  4 kobolds (D:8)
51 creatures vanquished.

Vanquished Creatures (others)
  6 knights
  4 plants
10 creatures vanquished.

Grand Total: 260 creatures vanquished

Notes
Turn   | Place    | Note
-------+----------+-------------------------------------------
     0 | D:1      | NinjaNoafa the Hill Orc Monk began the quest for the Orb.
     0 | D:1      | Reached XP level 1. HP: 19/19 MP: 1/1
   190 | D:1      | Reached XP level 2. HP: 24/26 MP: 2/2
   197 | D:1      | Reached skill level 4 in Polearms
  1025 | D:2      | Reached XP level 3. HP: 22/31 MP: 3/3
  1057 | D:2      | Identified the +2 robe of Juwkik {Slay+2}
  1126 | D:2      | You fall into a shaft and drop 1 floor!
  1129 | D:3      | Found an ornate altar of the Wu Jian Council.
  1386 | D:3      | Found Seaplasman's Antique Weapon Shop.
  1453 | D:3      | Reached skill level 5 in Polearms
  1453 | D:3      | Reached skill level 1 in Armour
  1476 | D:3      | Found a shimmering altar of Xom.
  1537 | D:3      | Reached XP level 4. HP: 21/39 MP: 4/4
  1541 | D:3      | Reached XP level 5. HP: 19/45 MP: 5/5
  1658 | D:3      | Found a white marble altar of Elyvilon.
  2300 | D:3      | Reached skill level 6 in Polearms
  2333 | D:3      | Found Kigot's Magic Scroll Boutique.
  2341 | D:3      | Bought a scroll of identify for 28 gold pieces
  2341 | D:3      | Bought a scroll of identify for 28 gold pieces
  2341 | D:3      | Bought a scroll of noise for 14 gold pieces
  2682 | D:3      | Reached XP level 6. HP: 34/51 MP: 6/6
  2714 | D:4      | Found Mifoixeq's Armour Shop.
  3132 | D:4      | Reached skill level 7 in Polearms
  3166 | D:4      | Reached XP level 7. HP: 44/57 MP: 7/7
  3186 | D:4      | Found Nittuq's Jewellery Boutique.
  3232 | D:4      | Found a glowing golden altar of the Shining One.
  3269 | D:4      | Found Zyptim's Weapon Shoppe.
  3295 | D:4      | Found Gino's Weapon Emporium.
  3297 | D:4      | Found a broken altar of Ashenzari.
  3328 | D:3      | Bought a scroll of teleportation for 42 gold pieces
  3345 | D:5      | Entered Level 5 of the Dungeon
  3818 | D:5      | Reached skill level 8 in Polearms
  3952 | D:5      | Found a staircase to the Ecumenical Temple.
  3975 | Temple   | Entered the Ecumenical Temple
  4002 | D:5      | Reached XP level 8. HP: 44/67 MP: 8/8
  4065 | D:4      | Reached skill level 5 in Fighting
  4065 | D:4      | Reached skill level 5 in Armour
  4478 | D:6      | Noticed Sigmund
  4486 | D:6      | Reached skill level 9 in Polearms
  4499 | D:6      | Killed Sigmund
  4514 | D:6      | Reached skill level 10 in Polearms
  4528 | D:6      | Reached XP level 9. HP: 67/75 MP: 9/9
  4607 | D:6      | Found a hazy altar of Hepliaklqana.
  4657 | D:6      | Became a worshipper of Hepliaklqana the Forgotten
  4657 | D:6      | Reached * piety under Hepliaklqana
  4657 | D:6      | Reached ** piety under Hepliaklqana
  4669 | D:7      | Noticed Joseph
  4672 | D:6      | Remembered your ancestor Browni as a knight
  4736 | D:7      | Reached skill level 11 in Polearms
  4740 | D:7      | Noticed Pikel
  4752 | D:7      | Killed Pikel
  4815 | D:7      | Reached skill level 12 in Polearms
  4962 | D:7      | Killed Joseph
  5086 | D:7      | Reached skill level 13 in Polearms
  5382 | D:8      | Reached XP level 10. HP: 74/74 MP: 10/10
  5508 | D:8      | Reached skill level 14 in Polearms
  5514 | D:8      | Reached skill level 1 in Invocations
  5770 | D:8      | Reached *** piety under Hepliaklqana
  5944 | D:8      | Got Xabegom's Book of the Blink Frog and Hypothermia
  6038 | D:8      | Found a sacrificial altar of Ru.
  6400 | D:9      | Reached skill level 1 in Shields
  6443 | D:9      | Found a bloodstained altar of Trog.
  6481 | D:9      | Found .
  6611 | D:9      | Found a runed translucent door.
  6615 | D:9      | Noticed retardedninja's ghost (novice DsGl)
  6653 | D:9      | Killed retardedninja's ghost
  6758 | D:9      | Reached skill level 1 in Evocations
  6763 | D:9      | Reached skill level 5 in Invocations
  6828 | D:9      | Noticed a two-headed ogre
  6850 | Lair:1   | Entered Level 1 of the Lair of Beasts
  6950 | Lair:1   | Noticed a cane toad
  6960 | Lair:1   | Killed a cane toad
  6961 | Lair:1   | Reached XP level 11. HP: 81/82 MP: 15/15
  7365 | Lair:1   | Reached skill level 5 in Evocations
  7406 | Lair:1   | Reached **** piety under Hepliaklqana
  7473 | Lair:1   | Noticed Grum
  7487 | Lair:1   | Killed Grum
  7573 | Lair:1   | Killed a two-headed ogre
  7972 | Lair:2   | Reached skill level 10 in Invocations
  8107 | Lair:2   | Found a staircase to the Snake Pit.
  8215 | Lair:3   | Noticed a four-headed hydra
  8384 | Lair:3   | Killed a four-headed hydra
  8385 | Lair:3   | Reached skill level 15 in Polearms
  8385 | Lair:3   | Reached XP level 12. HP: 87/90 MP: 19/19
  8492 | Lair:3   | Mangled by a cane toad

Illustrated notes

Levels and vault maps discovered:
D:1:      matt_arrival_los_fun, layout_basic, minmay_statues_item,
          minmay_pentomino_x4
D:2:      layout_basic, minmay_misc_feat_plants
D:3:      layout_basic, nicolae_elyvilon_temple_path, nzn_wu_jian_contemplation,
          led_xom_imps, serial_shops, nicolae_shop_hallway_stairs,
          nicolae_shop_crystal, st_stairs_12
D:4:      layout_rooms, lemuel_round_altar, kennysheep_mini, serial_shops, shop,
          nicolae_square_shop, nicolae_shop_hallway_stairs, nicolae_shop_trees,
          kennysheep_cross_room
D:5:      layout_loops_ring, minmay_temple_entry_slanted
D:6:      layout_rooms, worldfamousw_hep_ancestral_shrine, uniq_sigmund
D:7:      layout_basic, kennysheep_generic_room_10, uniq_joseph, uniq_pikel
D:8:      layout_basic, mainiacjoe_overflow_catwalk, kb_lookout_dungeons_type
D:9:      layout_basic, kennysheep_little_box, hellmonk_lair_entry_icy,
          hiddenorc1_lemuel, ebering_ghost_reflecting_pool,
          lightli_fourway_metalbox
Temple:   minmay_freezing_vapour_temple
Lair:1:   layout_big_grid, grunt_megastairs_5, serial_bayou_shore_a, uniq_grum
Lair:2:   layout_hall_layers, dummy_snake_entry, lemuel_fruit_tree
Lair:3:   layout_layer_cave, skrybe_swamp_entry_bodies, basic_altar

Skill      XL: |  1  2  3  4  5  6  7  8  9 10 11 |
---------------+----------------------------------+-----
Polearms       | 4 5 6 7 8 10 13 14 15 | 15.0
Armour         | 1 2 3 4 5 6 |  6.6
Fighting       | 4 6 7 8 |  8.1
Invocations    | 6 10 | 10.1
Shields        | 3 |  3.0
Evocations     | 3 6 |  6.0
Dodging        | |  2.4
Stealth        | |  1.5

Action                     |  1- 3 |  4- 6 |  7- 9 | 10-12 || total
---------------------------+-------+-------+-------+-------++-------
  Melee: Spear             |   142 |       |       |       ||   142
         Trident           |    64 |   197 |   145 |   227 ||   633
         Punch             |     2 |     2 |     3 |       ||     7
         Halberd           |       |       |    90 |    40 ||   130
         Glaive            |       |       |       |    92 ||    92
 Invoke: Ancestor Identity |       |       |     2 |       ||     2
         Recall Ancestor   |       |       |     1 |     4 ||     5
         Ancestor Life: Kn |       |       |     1 |       ||     1
         Idealise          |       |       |       |     1 ||     1
  Evoke: Wand              |       |       |       |     3 ||     3
    Use: Potion            |     1 |       |       |     1 ||     2
         Scroll            |       |     7 |     5 |     6 ||    18
   Stab: Sleeping          |     4 |       |       |       ||     4
         Distracted        |       |       |       |     2 ||     2
 Armour: Robe              |     5 |       |       |       ||     5
         Leather armour    |    14 |       |       |       ||    14
         Scale mail        |    44 |    26 |       |       ||    70
         Chain mail        |       |    63 |   121 |    19 ||   203
         Plate armour      |       |       |       |    95 ||    95
  Dodge: Dodged            |    94 |    79 |    70 |    68 ||   311
  Block: Other             |       |       |    45 |    12 ||    57
         Reflection        |       |       |     2 |     1 ||     3
         Buckler           |       |       |       |    58 ||    58

Table legend: (Time is in decaauts)
 A = Elapsed time spent in this place.
 B = Non-inter-level travel time spent in this place.
 C = Inter-level travel time spent in this place.
 D = Time resting spent in this place.
 E = Time spent auto-exploring this place.
 F = Levels seen in this place.
 G = Mean time per level.
                   A        B        C        D        E       F      G
               +--------+--------+--------+--------+--------+-----+--------+
         Total |   8383 |   7264 |   1119 |     25 |   3384 |  13 |  644.8 |
       Dungeon |   6777 |   6005 |    772 |     25 |   3257 |   9 |  753.0 |
        Temple |      1 |      1 |      0 |      0 |      0 |   1 |    1.0 |
          Lair |   1604 |   1257 |    347 |      0 |    127 |   3 |  534.7 |
               +--------+--------+--------+--------+--------+-----+--------+

Top non-repeatable levels by time:
     D:3: 1517 daAuts
     D:1: 990 daAuts
     D:8: 984 daAuts
  Lair:1: 801 daAuts
     D:4: 747 daAuts
  Lair:2: 680 daAuts
     D:7: 657 daAuts
     D:5: 535 daAuts
     D:6: 487 daAuts
     D:9: 442 daAuts
     D:2: 416 daAuts
  Lair:3: 121 daAuts
  Temple: 1 daAuts
